 Dungeon Crawl Stone Soup version 0.18-a0-1120-g03bd624 (webtiles) character file.

93 truemonolith the Magician (level 4, 2/24 HPs)
             Began as a Deep Elf Conjurer on Jan 17, 2016.
             Quit the game on level 3 of the Dungeon.
             The game lasted 00:04:49 (2054 turns).

truemonolith the Magician (Deep Elf Conjurer)       Turns: 2054, Time: 00:04:50

Health: 2/24       AC:  2    Str:  5    XL:     4   Next: 37%
Magic:  5/14       EV: 13    Int: 21    God:
Gold:   75         SH:  0    Dex: 15    Spells: 1 memorised, 14 levels left

rFire  . . .     SeeInvis .     (no weapon)
rCold  . . .     Gourm    .     a - +0 robe
rNeg   . . .     Faith    .     (no shield)
rPois  .         Spirit   .     (no helmet)
rElec  .         Dismiss  .     (no cloak)
rCorr  .         Reflect  .     (no gloves)
SustAt .         Harm     .     (no boots)
MR     .....                    (no amulet)
Stlth  ++........               (no ring)
                                (no ring)

@: very slightly contaminated, not resistant to hostile enchantments, unstealthy
A: no striking features
a: no special abilities


You were on level 3 of the Dungeon.
You were not hungry.

You visited 1 branch of the dungeon, and saw 3 of its levels.

You collected 75 gold pieces.

Inventory:

Armour
 a - a +0 robe (worn)
Jewellery
 p - an uncursed amulet of the gourmand {unknown}
Scrolls
 d - a scroll of remove curse {unknown}
 e - a scroll of amnesia {unknown}
 g - 2 scrolls of teleportation {unknown}
 l - a scroll of fear {unknown}
 m - a scroll of enchant armour {unknown}
 o - a scroll of blinking {unknown}
 q - a scroll of identify {unknown}
Potions
 f - 2 potions of lignification
 i - 2 potions of heal wounds {unknown}
 k - 2 potions of curing
Books
 b - a book of Conjurations

   Spells                             Type                      Level
   a - Magic Dart                     Conjuration                  1
   b - Searing Ray                    Conjuration                  2
   c - Dazzling Spray                 Conjuration/Hexes            3
   d - Fulminant Prism                Conjuration/Hexes            4
   e - Iskenderun's Mystic Blast      Conjuration                  4
   f - Iskenderun's Battlesphere      Conjuration/Charms           5
Comestibles
 c - 2 bread rations
 h - a meat ration
 j - a beef jerky
 n - a royal jelly


   Skills:
 - Level 2.4 Dodging
 - Level 2.4 Stealth
 + Level 6.3 Spellcasting
 - Level 4.3 Conjurations


You had 14 spell levels left.
You knew the following spells:

 Your Spells              Type           Power        Failure   Level  Hunger
a - Magic Dart            Conj           ####         1%          1    None


Dungeon Overview and Level Annotations

Branches:
Dungeon (3/15)

Altars:
Elyvilon


Message History

Confirm with . or Enter, or press ? or * to list all spells.
Aiming: Magic Dart
Press: ? - help, Shift-Dir - straight line, f/p - jackal
Aim: a jackal (severely wounded)
The magic dart hits the jackal.
The jackal is severely wounded.
The orc throws a tomahawk.
The tomahawk barely misses you. The jackal closely misses you.
Casting: Magic Dart
Confirm with . or Enter, or press ? or * to list all spells.
Aiming: Magic Dart
Press: ? - help, Shift-Dir - straight line, f/p - jackal
Aim: a jackal (severely wounded)
You miscast Magic Dart.
You are very lightly contaminated with residual magic.
Nothing appears to happen.
The jackal bites you. Something hits you!
* * * LOW HITPOINT WARNING * * *
The jackal barely misses you.
Unknown command.
Are you sure you want to abandon this character and quit the game? (Confirm with "yes".)

##..>..##
##.......##
#.........#
#.........###
#...<..รท....##
#.........#..#
#...(......# .
##.......#.# ..
#.....@h...###)..
#................
#...........#..#
#...........# ..
#.........o.#
##.......##.##.#..
##.....##........#
########h#.....##
######(####.##


You could see an orc and a jackal.

Vanquished Creatures
  4 adders (D:2)
  An ooze (D:2)
  2 worms
  2 giant geckos (D:1)
  3 orcs (D:3)
  3 giant cockroaches
  3 hobgoblins (D:2)
  2 jackals (D:3)
  2 kobolds (D:1)
  A quokka (D:2)
  8 bats
  3 giant newts
  6 goblins (D:1)
  6 rats
46 creatures vanquished.

Notes
Turn   | Place    | Note
--------------------------------------------------------------
     0 | D:1      | truemonolith the Deep Elf Conjurer began the quest for the Orb.
     0 | D:1      | Reached XP level 1. HP: 10/10 MP: 6/6
   222 | D:1      | Reached XP level 2. HP: 15/15 MP: 0/9
   864 | D:2      | Reached XP level 3. HP: 19/19 MP: 6/11
   938 | D:2      | Reached skill level 5 in Spellcasting
   948 | D:2      | Found a white marble altar of Elyvilon.
  1523 | D:2      | Reached XP level 4. HP: 24/24 MP: 7/13
  1622 | D:2      | Reached skill level 6 in Spellcasting
  2054 | D:3      | Quit the game

Vault maps used:
D:1:      minmay_arrival_up_and_down
D:2:      nicolae_overflow_crystal_walls, first_bread
D:3:      tso_oasis_becter, lemuel_crystal_altar

Action                   |  1- 3 |  4- 6 || total
-------------------------+-------+-------++-------
Melee: Unarmed           |     1 |     2 ||     3
 Cast: Magic Dart        |    71 |    27 ||    98
  Use: Potion            |       |     2 ||     2
  Eat: Chunk             |     1 |       ||     1
       Bread ration      |       |     1 ||     1
